 Dungeon Crawl Stone Soup version 0.27.1-33-g824d729ab1 (webtiles) character file.

Game seed: 224314282705261240

93 Fractals the Ducker (level 4, 0/45 HPs)
             Began as a Troll Fighter on Dec 19, 2021.
             Killed from afar by Sigmund (5 damage)
             ... with a puff of flame
             ... on level 3 of the Dungeon.
             The game lasted 00:04:15 (1893 turns).

Fractals the Ducker (Troll Fighter)                 Turns: 1893, Time: 00:04:15

Health: 0/45       AC:  4    Str: 24    XL:     4   Next: 37%
Magic:  3/3        EV:  8    Int:  4    God:
Gold:   60         SH:  9    Dex: 10    Spells: 3/3 levels left

rFire    . . .     SeeInvis .     - Unarmed
rCold    . . .     Faith    .   b - +0 kite shield
rNeg     . . .     Spirit   .   a - +0 robe
rPois    .         Reflect  .   (helmet restricted)
rElec    .         Harm     .   (no cloak)
rCorr    .         Rampage  .   (gloves unavailable)
Will     .....                  (boots unavailable)
Stlth    +.........             (no amulet)
HPRegen  1.15/turn              (no ring)
MPRegen  0.08/turn              (no ring)

@: mighty, attractive
A: large, unfitting armour, claws 3, regeneration 1, shaggy fur 1, tough skin 1
a: no special abilities


You were on level 3 of the Dungeon.
You visited 1 branch of the dungeon, and saw 3 of its levels.

You collected 60 gold pieces.

Inventory:

Hand Weapons
 f - a +1 spear of flaming
Missiles
 n - 21 stones
 o - 3 boomerangs (quivered)
Armour
 a - a +0 robe (worn)
 b - a +0 kite shield (worn)
Jewellery
 l - a ring of positive energy
Scrolls
 e - a scroll of teleportation {unknown}
 g - a scroll of magic mapping {unknown}
 h - a scroll of enchant armour {unknown}
 i - a scroll of enchant weapon {unknown}
 k - a scroll of identify {unknown}
 p - a scroll of acquirement {unknown}
 q - a scroll of noise {unknown}
Potions
 d - 2 potions of berserk rage {unknown}
 j - a potion of attraction
 m - 2 potions of haste


   Skills:
 - Level 3.0 Fighting
 + Level 3.2 Dodging
 + Level 3.2 Shields
 - Level 2.0 Unarmed Combat


You had 3 spell levels left.
You didn't know any spells.
Your spell library contained the following spells:

 Spells                   Type           Power      Damage    Failure   Level
 Summon Small Mammal      Summ           0%         N/A       89%         1
 Call Canine Familiar     Summ           0%         N/A       99%         3
 Summon Guardian Golem    Hex/Summ       0%         N/A       99%         3
 Tukima's Dance           Hex            0%         N/A       99%         3
 Passage of Golubria      Tloc           N/A        N/A       100%        4
 Yara's Violent Unravell  Hex/Tmut       0%         3d3       100%        5


Dungeon Overview and Level Annotations

Branches:
Dungeon (3/15)

Altars:
Okawaru
Sif Muna

Shops:
D:3 *

Annotations:
D:3 Sigmund


Innate Abilities, Weirdness & Mutations

You are too large for most types of armour.
You have claws for hands.
Your natural rate of healing is unusually fast.
You are covered in fur. (AC +1)
You have tough skin. (AC +1)


Message History

HP restored.
Found Qamomef's Assorted Antiques.
There is an entrance to Qamomef's Assorted Antiques here.
Unknown command.
There is an entrance to Qamomef's Assorted Antiques here.
Sigmund the Dreaded comes into view.
He is wielding a +0 scythe.
Sigmund shouts!
Sigmund casts a spell at you.
You are confused.
Sigmund points at you and mumbles some strange words.
The puff of flame hits you!
Non-targeted confused throw: 3 boomerangs
Press: ? - help, Q - select action, (/) - cycle Dir - look around, f - activate You throw a boomerang.
Sigmund drinks a potion.
Sigmund seems to speed up.
Sigmund casts a spell.
Sigmund flickers and vanishes!
Deactivating autopickup; reactivate with Ctrl-A.
You bump into the rock wall.
You feel less confused. You block something's attack. Something hits you!
You closely miss something. Something hits you!
You feel very mighty all of a sudden. You block something's attack.
You barely miss something.
You hear some strange, mumbled words.
Something tries to affect you, but you resist.
Something hits you!
You completely miss something. Something hits you.
* * * LOW HITPOINT WARNING * * *
You claw something! Something hits you!
* * * LOW HITPOINT WARNING * * *
You scratch something. You block something's attack.
It was a potion of attraction.
You feel attractive to monsters.
You hear some strange, mumbled words.
A puff of flame appears from out of thin air!
The puff of flame hits you.
You die...

#########
#####.......#
......{@.##.#
......##.# . #####
##.# # .. ### #..#
.# ..# .#.
##.###.##.# ..#
.#.##.....∩..# #.#
#.#.#.....#.##.#
#.####.#..........#
.#
..................#
#


There were no monsters in sight!

Vanquished Creatures
  A gnoll (D:1)
  3 adders (D:2)
  2 worms (D:2)
  2 orcs (D:3)
  2 ball pythons (D:1)
  2 endoplasms
  6 giant cockroaches
  6 goblins
  6 hobgoblins
  3 kobolds
  2 quokkas
  7 bats
  A frilled lizard (D:1)
  3 rats
46 creatures vanquished.

Notes
Turn   | Place    | Note
-------+----------+-------------------------------------------
     0 | D:1      | Fractals the Troll Fighter began the quest for the Orb.
     0 | D:1      | Reached XP level 1. HP: 22/22 MP: 0/0
   239 | D:1      | Reached XP level 2. HP: 28/29 MP: 1/1
   618 | D:2      | Reached XP level 3. HP: 36/36 MP: 2/2
  1306 | D:2      | Reached XP level 4. HP: 45/45 MP: 3/3
  1629 | D:3      | Found a shimmering blue altar of Sif Muna.
  1824 | D:3      | Found an iron altar of Okawaru.
  1870 | D:3      | Found Qamomef's Assorted Antiques.
  1879 | D:3      | Noticed Sigmund
  1891 | D:3      | HP: 2/45 [something (10)]
  1893 | D:3      | Killed from afar by Sigmund

Illustrated notes

Levels and vault maps discovered:
D:1:      erik_arrival_triangle_small, layout_rooms, serial_aquarium,
          aquarium_bridge_square [aquarium_subvault_bridge,
          aquarium_subvault_wall, aquarium_subvault_bridge,
          aquarium_subvault_wall], aquarium_window_2, aquarium_window_corner,
          aquarium_window_3, aquarium_view_2c
D:2:      layout_loops_ring
D:3:      layout_loops_ring, mainiacjoe_overflow_catwalk_spiral, serial_shops,
          nicolae_shop_crystal, minmay_misc_feat_iff, uniq_jessica, uniq_robin,
          uniq_sigmund

Skill      XL: |  1  2  3 |
---------------+----------+-----
Fighting       | 3 |  3.0
Dodging        | 3 |  3.2
Shields        | 3 |  3.2
Unarmed Combat | |  2.0

Action                   |  1- 3 |  4- 6 || total
-------------------------+-------+-------++-------
Melee: Unarmed           |   112 |    55 ||   167
Throw: Boomerang         |       |     1 ||     1
  Use: Potion            |       |     2 ||     2
 Stab: Sleeping          |       |     1 ||     1
Armor: Robe              |    49 |    17 ||    66
Dodge: Dodged            |    36 |    13 ||    49
Block: Kite shield       |    65 |    32 ||    97
